 Dungeon Crawl Stone Soup version 0.22-a0-433-gd2a9cce (webtiles) character file.

131 MisterFreud the Spear-Bearer (level 5, 0/38 HPs)
             Began as a Merfolk Gladiator on May 28, 2018.
             Slain by an orc
             ... wielding a +0 mace
              (7 damage)
             ... on level 3 of the Dungeon.
             The game lasted 00:02:04 (1850 turns).

MisterFreud the Spear-Bearer (Merfolk Gladiator)    Turns: 1850, Time: 00:02:05

Health: 0/38       AC:  5    Str: 14    XL:     5   Next: 14%
Magic:  5/5        EV: 14    Int:  7    God:
Gold:   33         SH:  0    Dex: 17    Spells: 4/4 levels left

rFire    . . .     SeeInvis .   a - +0 trident
rCold    . . .     Gourm    .   (no shield)
rNeg     . . .     Faith    .   b - +0 leather armour
rPois    .         Spirit   .   c - +0 helmet
rElec    .         Reflect  .   (no cloak)
rCorr    .         Harm     .   (no gloves)
MR       .....                  e - +0 pair of boots
Stlth    +.........             (no amulet)
HPRegen  0.12/turn              (no ring)
MPRegen  0.09/turn              (no ring)

@: no status effects
A: change form in water, swift swim, stealthy swim
a: no special abilities


You were on level 3 of the Dungeon.
You were not hungry.

You visited 1 branch of the dungeon, and saw 3 of its levels.

You collected 33 gold pieces.

Inventory:

Hand Weapons
 a - a +0 trident (weapon)
Missiles
 d - 3 throwing nets (quivered)
 s - 26 stones
Armour
 b - a +0 leather armour (worn)
 c - a +0 helmet (worn)
 e - a +0 pair of boots (worn)
Scrolls
 g - a scroll of random uselessness {unknown}
 h - a scroll of fear {unknown}
 j - 2 scrolls of identify {unknown}
 k - 3 scrolls of teleportation {unknown}
 l - a scroll of enchant armour {unknown}
 n - a scroll of magic mapping {unknown}
 p - a scroll of noise {unknown}
 q - a scroll of blinking {unknown}
 r - a scroll of fog {unknown}
 u - 2 scrolls of remove curse {unknown}
Potions
 i - a potion of agility {unknown}
 m - 2 potions of curing {unknown}
 o - 2 potions of heal wounds {unknown}
 t - a potion of magic {unknown}
Comestibles
 f - 4 rations
 v - a chunk of flesh


   Skills:
 - Level 2.1 Fighting
 + Level 8.2 Polearms
 - Level 2.0 Throwing
 - Level 4.0 Dodging


You had 4 spell levels left.
You didn't know any spells.
Your spell library was empty.

Dungeon Overview and Level Annotations

Branches:
Dungeon (3/15)

Altars:


Message History

The orc priest is almost dead.
The orc priest hits you with a hand axe!
* * * LOW HITPOINT WARNING * * *
The orc closely misses you.
You hit the orc priest.
You kill the orc priest!
Your Polearms skill increases to level 8!
You have reached level 5!
You feel agile. The orc completely misses you.
You hit the orc.
The orc is lightly wounded.
The orc hits you with a mace.
* * * LOW HITPOINT WARNING * * *
You hit the orc.
The orc is heavily wounded.
You hit the orc.
The orc is almost dead.
The orc hits you with a mace!
You die...

#............#
#............#
#............# ###
#............#
...#............#
###.#............######
#................'.....
#..)o..........######
#..)@.....)....#
#..############# #. ..
##


You could see an orc.

Vanquished Creatures
  2 orc priests (D:3)
  4 adders
  An ooze (D:1)
  2 worms (D:2)
  A dart slug (D:1)
  A leopard gecko (D:2)
  A giant cockroach (D:1)
  3 goblins
  5 hobgoblins
  A quokka (D:2)
  3 frilled lizards (D:1)
  3 kobolds (D:2)
  3 rats
30 creatures vanquished.

Notes
Turn   | Place    | Note
-------+----------+-------------------------------------------
     0 | D:1      | MisterFreud the Merfolk Gladiator began the quest for the Orb.
     0 | D:1      | Reached XP level 1. HP: 16/16 MP: 1/1
   266 | D:1      | Reached skill level 5 in Polearms
   266 | D:1      | Reached XP level 2. HP: 22/22 MP: 2/2
   825 | D:2      | Reached skill level 6 in Polearms
   825 | D:2      | Reached XP level 3. HP: 16/27 MP: 3/3
  1611 | D:2      | Reached skill level 7 in Polearms
  1611 | D:2      | Reached XP level 4. HP: 32/33 MP: 4/4
  1847 | D:3      | Reached skill level 8 in Polearms
  1847 | D:3      | Reached XP level 5. HP: 8/38 MP: 5/5
  1850 | D:3      | Slain by an orc

Vault maps used:
D:1:      dpeg_arrival_central, grunt_decor_one_mirror
D:2:      first_ration
D:3:      elyvilon_altar_1, uniq_robin

Skill      XL: |  1  2  3  4 |
---------------+-------------+-----
Polearms       | 5 6 7 8 |  8.2
Fighting       | |  2.1
Throwing       | |  2.0
Dodging        | |  4.0

Action                   |  1- 3 |  4- 6 || total
-------------------------+-------+-------++-------
Melee: Trident           |   103 |    22 ||   125
 Stab: Sleeping          |     6 |     1 ||     7
  Eat: Chunk             |     1 |     2 ||     3
Armor: Leather armour    |    15 |     5 ||    20
Dodge: Dodged            |    36 |     7 ||    43

Table legend:
 A = Spawn XP
 B = Non-spawn XP
 C = Spawn XP percentage of total XP
 D = Spawn monster count
 E = Non-spawn monster count
 F = Spawn count percentage of total count
 G = Total turns spent on level
                    A         B        C        D         E        F      G
               +---------+---------+-------+---------+---------+-------+---------
         Total |       0 |     188 |   0.0 |       0 |      30 |   0.0 |  1850
               +---------+---------+-------+---------+---------+-------+---------
           D:1 |       0 |      29 |   0.0 |       0 |      13 |   0.0 |   810
           D:2 |       0 |      62 |   0.0 |       0 |      13 |   0.0 |   973
           D:3 |       0 |      97 |   0.0 |       0 |       4 |   0.0 |    67
               +---------+---------+-------+---------+---------+-------+---------
